 Dungeon Crawl Stone Soup version 0.23.2-30-g0e89c35649 (webtiles) character file.

Game seed: 4137648455054130576

84 Mrkan the Shield-Bearer (level 4, -2/29 HPs)
             Began as a Gargoyle Fighter on June 23, 2019.
             Killed by divine providence
             ... invoked by an orc priest
              (12 damage)
             ... on level 2 of the Dungeon.
             The game lasted 00:02:25 (752 turns).

Mrkan the Shield-Bearer (Gargoyle Fighter)           Turns: 752, Time: 00:02:26

Health: -2/29      AC: 10    Str: 19    XL:     4   Next: 46%
Magic:  4/4        EV:  7    Int:  9    God:
Gold:   47         SH:  9    Dex: 10    Spells: 3/3 levels left

rFire    . . .     SeeInvis .   a - +0 flail
rCold    . . .     Gourm    .   c - +0 shield
rNeg     + . .     Faith    .   b - +0 scale mail
rPois    ∞         Spirit   .   (no helmet)
rElec    +         Reflect  .   (no cloak)
rCorr    .         Harm     .   (no gloves)
MR       .....                  (no boots)
Stlth    ..........             (no amulet)
HPRegen  0.09/turn              (no ring)
MPRegen  0.09/turn              (no ring)

@: no status effects
A: negative energy resistance 1, electricity resistance, unbreathing,
petrification resistance, rot immunity, AC +3
a: no special abilities


You were on level 2 of the Dungeon.
You were not hungry.

You visited 1 branch of the dungeon, and saw 2 of its levels.

You collected 47 gold pieces.

Inventory:

Hand Weapons
 a - a +0 flail (weapon)
 o - a +1 hand axe of flaming
Armour
 b - a +0 scale mail (worn)
 c - a +0 shield (worn)
Jewellery
 h - a +3 ring of protection
Scrolls
 e - a scroll of identify {unknown}
 i - a scroll of magic mapping {unknown}
 k - a scroll of immolation {unknown}
 n - a scroll of amnesia {unknown}
Potions
 d - a potion of might
 j - a potion of brilliance {unknown}
 l - a potion of ambrosia {unknown}
 m - a potion of flight {unknown}
Comestibles
 f - 3 rations
 g - 11 chunks of flesh


   Skills:
 + Level 4.0 Fighting
 * Level 3.5 Maces & Flails
 - Level 3.2 Armour
 + Level 4.0 Shields


You had 3 spell levels left.
You didn't know any spells.
Your spell library was empty.

Dungeon Overview and Level Annotations

Branches:
Dungeon (2/15)

Altars:


Innate Abilities, Weirdness & Mutations

You are resistant to torment.
Your stone body is resilient. (AC +3)
You are immune to poison.
You resist negative energy. (rN+)
You are resistant to electric shocks. (rElec)
You can survive without breathing.
You are immune to petrification.
You are immune to rotting.


Message History

You block the orc priest's attack.
Your scale mail prevents you from hitting the orc priest.
The orc priest is moderately wounded.
You block the orc priest's attack.
You hit the orc priest.
The orc priest is heavily wounded.
You block the orc priest's attack.
The orc priest hits you but does no damage.
You barely miss the orc priest.
The orc priest is heavily wounded.
You block the orc priest's attack.
You barely miss the orc priest.
The orc priest is heavily wounded.
The orc priest hits you with a +0 dagger.
You hit the orc priest.
The orc priest is severely wounded.
You block the orc priest's attack.
The orc priest invokes the aid of Beogh against you.
Beogh smites you!
You die...

.##.......###........
.##.......##..8...8..##
.##.##....#....o......# .
..........#⌠..........# ..
.#........#o..o.....g.##.
.#.....#..##..8...8.o...
.#....##..###....o....# #
......##...#########..##....
....####†#...)..@olo.........
.....# #.###############.####
.#...###.# # ...#...#.#
.##.##.#.# ##.⌠.##..#
###.####.######
.#.#.#.#......#
⌠.###)⌠.#.###...


You could see an orc priest, an orc and a frilled lizard.

Vanquished Creatures
  3 adders (D:2)
  An ooze (D:1)
  2 leopard geckos (D:1)
  4 orcs (D:2)
  4 giant cockroaches
  7 hobgoblins
  3 jackals (D:1)
  4 kobolds
  A ball python (D:1)
  3 bats
  2 frilled lizards (D:1)
  6 goblins
  3 rats (D:1)
43 creatures vanquished.

Notes
Turn   | Place    | Note
-------+----------+-------------------------------------------
     0 | D:1      | Mrkan the Gargoyle Fighter began the quest for the Orb.
     0 | D:1      | Reached XP level 1. HP: 14/14 MP: 1/1
    68 | D:1      | Reached XP level 2. HP: 17/19 MP: 2/2
   265 | D:1      | Reached XP level 3. HP: 19/23 MP: 3/3
   707 | D:2      | Reached XP level 4. HP: 12/29 MP: 4/4
   752 | D:2      | Killed from afar by an orc priest

Skill      XL: |  1  2  3  4 |
---------------+-------------+-----
Maces & Flails | 3 |  3.5
Fighting       | 4 |  4.0
Shields        | 4 |  4.0
Armour         | |  3.2

Action                   |  1- 3 |  4- 6 || total
-------------------------+-------+-------++-------
Melee: Flail             |    95 |    34 ||   129
Armor: Scale mail        |    47 |    13 ||    60
Dodge: Dodged            |    38 |     9 ||    47
Block: Shield            |    64 |    17 ||    81
